[Event "XV South American-chW U20 2019"]
[Site "Asuncion"]
[Date "2019.05.13"]
[Round "4.3"]
[White "Duarte Laconich, Jazmin"]
[Black "Malan, Lucia"]
[Result "0-1"]
[ECO "C00"]
[WhiteElo "1263"]
[BlackElo "1880"]
[Annotator "NA RC"]
[PlyCount "114"]
[EventDate "2019.05.11"]
[EventType "swiss"]
[EventCountry "PAR"]
[SourceTitle "playchess.com"]
[Source "ChessBase"]
[SourceQuality "1"]
[TimeControl "5400+30"]

1. Nf3 d5 2. g3 Nf6 3. Bg2 e6 4. O-O c5 5. d3 Nc6 6. Nbd2 Be7 7. e4 O-O 8. c3 d4 {C00: French: Unusual White 2nd moves} (8... a5 9. a4 b6 10. Re1 Ba6 11. exd5 exd5 12. Nb3 h6 13. Bf4 Bd6 14. Ne5 Bxe5 15. Bxe5 Nxe5 16. Rxe5 {0-1 (35) Oratovsky,M (2456)-Naiditsch,A (2697) Brest 2018}) 9. Qe2 b5 $146 ({Black should play Predecessor:} 9... e5 $1 $15 10. h3 b5 11. cxd4 cxd4 12. Ne1 Nd7 {0-1 (38) February,J (1806)-Van der Westhuizen,D (1505) Durban 2017}) 10. Ne1 ({Better is} 10. e5 $14 Nd5 11. cxd4) 10... Bb7 11. f4 dxc3 12. bxc3 b4 13. Bb2 bxc3 14. Bxc3 Nd4 15. Qd1 Rb8 16. Kh1 Qd7 17. Nc4 Rfd8 18. Qd2 Qa4 19. Bxd4 cxd4 20. Qe2 (20. Qa5 $15 Qxa5 21. Nxa5) 20... Ba6 21. Ne5 Rdc8 22. g4 Ba3 23. g5 Nd7 24. Qh5 Nxe5 25. fxe5 Qd7 26. Qg4 Rb2 27. h4 Bb4 28. h5 Bxe1 29. Raxe1 Bxd3 30. Rf6 $2 (30. Rg1) 30... Rcc2 31. Rg1 Be2 32. Qg3 Bxh5 33. a3 gxf6 34. gxf6+ Bg6 35. Qh4 Qd8 36. Qh6 Qf8 37. Qh3 Rxg2 38. Rxg2 Rxg2 39. Qxg2 Qxa3 40. Qc2 d3 41. Qc8+ Qf8 42. Qc3 Bxe4+ 43. Kg1 Qb8 44. Qc1 d2 45. Qxd2 Qb1+ 46. Kf2 Qc2 47. Ke3 Qxd2+ 48. Kxd2 h5 49. Ke3 Bf5 50. Kf4 h4 51. Kf3 a5 52. Ke3 a4 53. Kd4 h3 54. Kc4 h2 55. Kb4 h1=Q 56. Kxa4 Qb7 57. Ka3 Bc2 0-1

[Event "XV South American-chW U20 2019"]
[Site "Asuncion"]
[Date "2019.05.13"]
[Round "4.6"]
[White "Oviedo Acosta, Paula"]
[Black "Lugo, Tatiana"]
[Result "1-0"]
[ECO "C53"]
[WhiteElo "1543"]
[BlackElo "1310"]
[Annotator "NA RC"]
[PlyCount "77"]
[EventDate "2019.05.11"]
[EventType "swiss"]
[EventCountry "PAR"]
[SourceTitle "playchess.com"]
[Source "ChessBase"]
[SourceQuality "1"]
[TimeControl "5400+30"]

1. e4 e5 2. Nf3 Nc6 3. Bc4 Bc5 4. c3 Qe7 5. d3 Nf6 6. Nbd2 O-O 7. h3 d6 8. O-O Qd8 9. Re1 Be6 10. Bb3 Bb6 11. Bc2 Ne7 12. Nf1 h6 13. Be3 Ng6 14. d4 Nh7 15. Ng3 c6 16. Qd2 Nh4 17. Nh2 Qd7 18. Nf5 Nxf5 19. exf5 Bxf5 20. dxe5 Bc7 21. Bxf5 Qxf5 22. exd6 Rad8 23. Bf4 Rd7 24. Rad1 Rfd8 25. dxc7 Rxd2 26. cxd8=Q+ Rxd8 27. Rxd8+ Nf8 28. Bd6 Qf6 29. Rxf8+ Kh7 30. Bc5 b6 31. Bd4 Qf5 32. Rc1 c5 33. Be3 g6 34. Rd8 Qe6 35. b3 Kg7 36. b4 cxb4 37. cxb4 g5 38. Bd4+ Kg6 39. Rg8+ 1-0

[Event "XV South American-chW U20 2019"]
[Site "Asuncion"]
[Date "2019.05.14"]
[Round "5.1"]
[White "Molina, Jessica"]
[Black "Gomez Barrera, Javiera Belen"]
[Result "0-1"]
[ECO "E84"]
[WhiteElo "1842"]
[BlackElo "2092"]
[Annotator "NA RC"]
[PlyCount "100"]
[EventDate "2019.05.11"]
[EventType "swiss"]
[EventCountry "PAR"]
[SourceTitle "playchess.com"]
[Source "ChessBase"]
[SourceQuality "1"]
[TimeControl "5400+30"]

1. d4 Nf6 2. c4 g6 3. Nc3 Bg7 4. e4 d6 5. f3 O-O 6. Be3 Nc6 7. Nge2 a6 8. Qd2 Rb8 9. Nc1 e5 10. d5 Nd4 11. Bd3 {E84: King's Indian: Sämisch Panno: 7 Nge2 a6 8 Qd2 Rb8} (11. N1e2 Nxe2 12. Bxe2 Nh5 13. O-O-O f5 14. Kb1 Qe7 15. c5 Nf6 16. cxd6 cxd6 17. Bd3 b5 18. h3 b4 19. Ne2 a5 20. Rc1 fxe4 21. fxe4 Nh5 {1-0 (42) Wang,H (2728)-Ding,L (2637) Ningbo 2011}) 11... c5 12. O-O Nh5 $146 ({Predecessor:} 12... Bd7 13. a4 b6 14. Bg5 Qc8 15. f4 exf4 16. Qxf4 Ng4 17. h3 Be5 18. Qd2 Nh2 {1-0 (35) Urban,V (1975)-Stuchly,R (1940) Czechia 2013}) 13. Rb1 (13. b4 $5) 13... f5 14. Bg5 Qc7 15. N1e2 f4 16. Nxd4 cxd4 17. Nd1 Bf6 18. Bxf6 Rxf6 19. b4 g5 20. Nf2 Rg6 21. Be2 Nf6 22. Rbc1 (22. c5 $5) 22... h5 23. h3 (23. c5 $11) 23... Qh7 24. c5 g4 25. fxg4 hxg4 26. Bxg4 Bxg4 27. hxg4 f3 28. gxf3 Qh4 29. Nh3 Qxh3 30. Qh2 Qxh2+ 31. Kxh2 Ne8 32. Kg3 Rc8 33. a4 a5 34. cxd6 Nxd6 35. Rxc8+ Nxc8 36. Rc1 Nd6 37. bxa5 Rg7 38. a6 bxa6 39. Rc6 Rd7 40. Rxa6 Kf7 41. a5 Nc4 42. Rh6 {[#]} Kg7 $1 43. Re6 $2 (43. Rc6 Nxa5 44. Rc2) 43... d3 44. Kf2 Rb7 45. Rc6 Rb2+ 46. Ke1 d2+ 47. Ke2 Rb1 48. Rc7+ Kg6 49. Rc6+ Kg5 50. Kd3 d1=Q+ 0-1

[Event "XV South American-chW U20 2019"]
[Site "Asuncion"]
[Date "2019.05.14"]
[Round "5.2"]
[White "Malan, Lucia"]
[Black "Sanchez Tobar, Francisca Valenti"]
[Result "*"]
[ECO "C70"]
[WhiteElo "1880"]
[BlackElo "1790"]
[Annotator "NA"]
[PlyCount "31"]
[EventDate "2019.05.11"]
[EventType "swiss"]
[EventCountry "PAR"]
[SourceTitle "playchess.com"]
[Source "ChessBase"]
[SourceQuality "1"]
[TimeControl "5400+30"]

1. e4 e5 2. Nf3 Nc6 3. Bb5 g6 4. c3 a6 5. Ba4 Nge7 6. d4 exd4 7. cxd4 b5 8. Bb3 Bg7 9. O-O O-O 10. Nc3 d6 11. h3 Na5 12. Bc2 Bb7 13. d5 c6 14. dxc6 Nexc6 15. Nd5 Nc4 16. Rb1 $15 (16. Bg5 $11 Nxb2 17. Qb1 (17. Bxd8 Nxd1 18. Bf6 Nb2 $15)) *

[Event "XV South American-chW U20 2019"]
[Site "Asuncion"]
[Date "2019.05.14"]
[Round "5.3"]
[White "Puppi Lazo, Stephanie Beatriz"]
[Black "Campos, Maria Jose"]
[Result "1-0"]
[ECO "B78"]
[WhiteElo "1955"]
[BlackElo "2012"]
[Annotator "NA RC"]
[PlyCount "85"]
[EventDate "2019.05.11"]
[EventType "swiss"]
[EventCountry "PAR"]
[SourceTitle "playchess.com"]
[Source "ChessBase"]
[SourceQuality "1"]
[TimeControl "5400+30"]

1. e4 c5 2. Nf3 d6 3. Nc3 Nc6 4. Bc4 g6 5. d4 cxd4 6. Nxd4 Bg7 7. Be3 Nf6 8. f3 O-O 9. Qd2 Bd7 10. O-O-O Rc8 11. Bb3 Ne5 12. h4 h5 13. Bh6 b5 {B78: Sicilian Dragon: Yugoslav Attack, 9 Bc4 Bd7 10 0-0-0 Rc8} (13... Nc4 14. Bxc4 Rxc4 15. Bxg7 Kxg7 16. Kb1 Qa5 {½-½ (16) Solodovnichenko,Y (2583)-Nielsen,P (2649) Koge 2013}) 14. Bxg7 Kxg7 15. Ndxb5 $146 ({Predecessor:} 15. Ncxb5 Rc5 16. Nc3 Qb8 17. g4 hxg4 18. fxg4 Bxg4 19. Rdg1 Nf3 20. Nxf3 Bxf3 21. Rh3 Bxe4 {0-1 (32) Niebergall,G-Videki,S (2270) St Ingbert 1987}) 15... Qa5 16. Na3 Qa6 17. Qd4 Rc5 18. Nd5 Nxd5 19. Bxd5 Kg8 20. f4 Nc6 21. Qd3 Qa5 22. Bb3 $14 Nb4 23. Qe3 Rfc8 24. f5 Kg7 25. g4 Ba4 26. Kb1 Rxc2 27. gxh5 Qe5 28. Qd4 Bxb3 29. Qxe5+ dxe5 30. axb3 Re2 31. hxg6 fxg6 32. Rhg1 Rxe4 33. Rxg6+ Kf7 34. h5 Rh8 35. h6 Rh4 36. Nc4 R4xh6 37. Nxe5+ Ke8 38. Rc1 Rh1 39. Rg4 Rxc1+ 40. Kxc1 Rh1+ 41. Kd2 Rh2+ 42. Kd1 Rh1+ 43. Ke2 1-0

[Event "XV South American-chW U20 2019"]
[Site "Asuncion"]
[Date "2019.05.14"]
[Round "5.5"]
[White "Noronha Linares, Alessandra Fiorella"]
[Black "Oviedo Acosta, Paula"]
[Result "0-1"]
[ECO "B42"]
[WhiteElo "1506"]
[BlackElo "1543"]
[Annotator "NA RC"]
[PlyCount "104"]
[EventDate "2019.05.11"]
[EventType "swiss"]
[EventCountry "PAR"]
[SourceTitle "playchess.com"]
[Source "ChessBase"]
[SourceQuality "1"]
[TimeControl "5400+30"]

1. e4 c5 2. Nf3 e6 3. d4 cxd4 4. Nxd4 a6 5. Bd3 Bc5 6. Nb3 Be7 7. Qg4 g6 8. Qe2 d6 9. O-O Nd7 10. f4 Ngf6 11. c4 Qc7 12. Be3 O-O 13. Nc3 b6 14. Rac1 Bb7 15. a3 Rac8 16. Nd2 Qb8 17. b4 Rfe8 18. Nb3 Qa8 19. Nd2 Qb8 20. h3 Bf8 21. Qf2 Ba8 22. Nb3 d5 23. cxd5 exd5 24. e5 Ne4 25. Nxe4 dxe4 26. Bxa6 Rxc1 27. Rxc1 Bd5 28. Nd4 Qa7 29. Bb5 Rd8 30. Qb2 Bh6 31. Nc6 Bxc6 32. Bxc6 Nf8 33. Bxe4 Ne6 34. g3 Bg7 35. Qa1 Qa6 36. Kf2 Bf8 37. Rc6 Bxb4 38. Rxb6 Rd2+ 39. Bxd2 Qxb6+ 40. Be3 Qa5 41. a4 Bc3 42. Qd1 Kg7 43. Bc6 Qb4 44. Bb5 Nc7 45. Qe2 Nd5 46. Ba7 Qa5 47. Bc5 Bb4 48. Bxb4 Qxb4 49. e6 Qd4+ 50. Kf3 Qc3+ 51. Kg4 h5+ 52. Kh4 Qf6# 0-1

[Event "XV South American-chW U20 2019"]
[Site "Asuncion"]
[Date "2019.05.14"]
[Round "6.1"]
[White "Gomez Barrera, Javiera Belen"]
[Black "Duarte Laconich, Jazmin"]
[Result "1-0"]
[ECO "C10"]
[WhiteElo "2092"]
[BlackElo "1263"]
[Annotator "NA RC"]
[PlyCount "109"]
[EventDate "2019.05.11"]
[EventType "swiss"]
[EventCountry "PAR"]
[SourceTitle "playchess.com"]
[Source "ChessBase"]
[SourceQuality "1"]
[TimeControl "5400+30"]

1. e4 e6 2. d4 d5 3. Nc3 dxe4 4. Nxe4 Nd7 5. Bd3 Ngf6 6. Qe2 Nxe4 7. Bxe4 Nf6 8. Bxb7 {C10: French with 3 Nc3: Unusual Black 3rd moves and 3...dxe4} Bxb7 9. Qb5+ Nd7 10. Qxb7 Be7 (10... Bd6 11. Nf3 O-O 12. O-O a5 13. a4 Rb8 14. Qa6 Ra8 15. Qe2 c5 16. dxc5 Nxc5 {½-½ (93) Belyakov,B (2486)-Timofeev,A (2549) Sochi 2017}) 11. Nf3 O-O 12. O-O Bd6 (12... e5) (12... c5 $16) 13. c3 $146 ({Predecessor:} 13. b3 Qe7 14. Bb2 f5 15. Rfe1 g5 16. Rad1 {1-0 (36) Vachtfeidl,P (2038)-Bratteteig,T (1656) London 2010}) 13... e5 14. Bg5 f6 15. Qd5+ Kh8 16. dxe5 Nxe5 17. Nxe5 Bxe5 18. Qxe5 fxe5 19. Bxd8 Raxd8 20. Rad1 Kg8 21. f3 Rb8 22. Rd2 Rb6 23. Re1 Rg6 24. Kf2 Re6 25. Re4 Rd6 26. Rde2 Re8 27. Rxe5 Rxe5 28. Rxe5 Rd2+ 29. Re2 Rd7 30. Ke1 Kf7 31. Re4 c6 32. Rc4 Rb7 33. b3 Rb6 34. Ke2 Ra6 35. a4 Rb6 36. b4 Ke6 37. a5 Ra6 38. Rc5 g6 39. Ke3 h6 40. Ke4 Kf6 41. g4 g5 42. f4 gxf4 43. Kxf4 Kg6 44. c4 Kf6 45. Rf5+ Kg6 46. c5 Kg7 47. h4 Kg6 48. Ke5 Kg7 49. h5 Kh7 50. Rf7+ Kg8 51. Kf6 Kh8 52. Kg6 Kg8 53. g5 Rxa5 54. gxh6 Rxc5 55. h7+ 1-0

[Event "XV South American-chW U20 2019"]
[Site "Asuncion"]
[Date "2019.05.14"]
[Round "6.1"]
[White "Gomez Barrera, Javiera Belen"]
[Black "Duarte Laconich, Jazmin"]
[Result "*"]
[ECO "C10"]
[WhiteElo "2092"]
[BlackElo "1263"]
[Annotator "NA RC"]
[PlyCount "49"]
[EventDate "2019.05.11"]
[EventType "swiss"]
[EventCountry "PAR"]
[SourceTitle "playchess.com"]
[Source "ChessBase"]
[SourceQuality "1"]
[TimeControl "5400+30"]

1. e4 e6 2. d4 d5 3. Nc3 dxe4 4. Nxe4 Nd7 5. Bd3 Ngf6 6. Qe2 Nxe4 7. Bxe4 Nf6 8. Bxb7 {C10: French with 3 Nc3: Unusual Black 3rd moves and 3...dxe4} Bxb7 9. Qb5+ Nd7 10. Qxb7 Be7 (10... Bd6 11. Nf3 O-O 12. O-O a5 13. a4 Rb8 14. Qa6 Ra8 15. Qe2 c5 16. dxc5 Nxc5 {½-½ (93) Belyakov,B (2486)-Timofeev,A (2549) Sochi 2017}) 11. Nf3 O-O 12. O-O Bd6 (12... e5) (12... c5 $16) 13. c3 $146 ({Predecessor:} 13. b3 Qe7 14. Bb2 f5 15. Rfe1 g5 16. Rad1 {1-0 (36) Vachtfeidl,P (2038)-Bratteteig,T (1656) London 2010}) 13... e5 14. Bg5 f6 15. Qd5+ Kh8 16. dxe5 Nxe5 17. Nxe5 Bxe5 18. Qxe5 fxe5 19. Bxd8 Raxd8 20. Rad1 Kg8 21. f3 Rb8 22. Rd2 Rb6 23. Re1 Rg6 24. Kf2 Rd6 25. Re4 *

[Event "XV South American-chW U20 2019"]
[Site "Asuncion"]
[Date "2019.05.14"]
[Round "6.2"]
[White "Puppi Lazo, Stephanie Beatriz"]
[Black "Malan, Lucia"]
[Result "1-0"]
[ECO "C42"]
[WhiteElo "1955"]
[BlackElo "1880"]
[Annotator "NA RC"]
[PlyCount "91"]
[EventDate "2019.05.11"]
[EventType "swiss"]
[EventCountry "PAR"]
[SourceTitle "playchess.com"]
[Source "ChessBase"]
[SourceQuality "1"]
[TimeControl "5400+30"]

1. e4 e5 2. Nf3 Nf6 3. Nxe5 d6 4. Nf3 Nxe4 5. Nc3 Nxc3 6. dxc3 Be7 7. Be3 Nc6 {C42: Petroff Defence: 3 Nxe5 and unusual White 3rd moves} 8. Bd3 (8. Qd2 Be6 9. O-O-O Qd7 10. h3 Bf6 11. g4 h6 12. Bg2 O-O-O 13. b3 g5 14. Nd4 Nxd4 15. cxd4 d5 16. f4 gxf4 17. Bxf4 {½-½ (39) Cheparinov,I (2679)-Wang,Y (2684) China 2019}) 8... Be6 9. Qe2 Qd7 10. O-O-O a6 11. Kb1 O-O-O $146 {[#]} ({Predecessor:} 11... O-O $11 {remains equal.} 12. h3 b5 13. g4 Rfe8 14. Rhe1 b4 15. c4 {1-0 (23) Wang,J (2367)-Secopito,C (2145) Makati 2018}) 12. Bxa6 $1 Na5 13. Bb5 c6 14. Bb6 cxb5 15. Bxa5 Bc4 $2 (15... Rde8) 16. Qe3 Kb8 17. Ne5 Bxa2+ 18. Kxa2 Qe6+ 19. Kb1 dxe5 20. Bxd8 Rxd8 21. Rxd8+ Bxd8 22. Qd3 Bb6 23. Qxb5 Bxf2 24. Rd1 e4 25. Rd8+ Kc7 26. Re8 Qd7 27. Qa5+ Kc6 28. Qa4+ Kc7 29. Qc4+ Kb6 30. Qxe4 Qd1+ 31. Ka2 Qf1 32. Qb4+ Ka7 33. Qa5+ $18 (33. c4 Qe1 34. Rxe1 Bxe1 35. Qxe1) 33... Qa6 34. Qxa6+ Kxa6 35. Re7 Bh4 36. Rxf7 Bf6 37. Kb3 Kb6 38. Rxf6+ gxf6 39. Kc4 Kc6 40. b4 h5 41. b5+ Kb6 42. Kb4 h4 43. c4 f5 44. c5+ Kc7 45. h3 f4 46. Kc4 1-0

[Event "XV South American-chW U20 2019"]
[Site "Asuncion"]
[Date "2019.05.14"]
[Round "6.3"]
[White "Sanchez Tobar, Francisca Valenti"]
[Black "Molina, Jessica"]
[Result "1/2-1/2"]
[ECO "B00"]
[WhiteElo "1790"]
[BlackElo "1842"]
[Annotator "NA RC"]
[PlyCount "57"]
[EventDate "2019.05.11"]
[EventType "swiss"]
[EventCountry "PAR"]
[SourceTitle "playchess.com"]
[Source "ChessBase"]
[SourceQuality "1"]
[TimeControl "5400+30"]

1. e4 b6 2. d4 Bb7 3. Nc3 e6 4. f4 Bb4 5. Bd3 Nf6 6. Qe2 d5 7. exd5 Nxd5 8. Bd2 Nxc3 9. bxc3 Be7 10. Nf3 Bh4+ (10... O-O $11) 11. g3 Be7 12. O-O Nd7 13. Be4 Bxe4 14. Qxe4 Rc8 15. Ne5 Nxe5 16. fxe5 c5 17. Rf3 $15 (17. Qg4 $1 $14 Bf8 18. Bg5) 17... Qd5 18. Qd3 cxd4 19. cxd4 Qc4 20. Qxc4 Rxc4 21. c3 O-O 22. Rb1 h6 23. Kf2 Rd8 24. Ke2 Ra4 25. Rb2 Rd5 26. Rf1 f6 27. exf6 Bxf6 28. Bf4 e5 29. dxe5 1/2-1/2

[Event "XV South American-chW U20 2019"]
[Site "Asuncion"]
[Date "2019.05.14"]
[Round "6.6"]
[White "Lugo, Tatiana"]
[Black "Noronha Linares, Alessandra Fiorella"]
[Result "0-1"]
[ECO "D02"]
[WhiteElo "1310"]
[BlackElo "1506"]
[Annotator "NA RC"]
[PlyCount "74"]
[EventDate "2019.05.11"]
[EventType "swiss"]
[EventCountry "PAR"]
[SourceTitle "playchess.com"]
[Source "ChessBase"]
[SourceQuality "1"]
[TimeControl "5400+30"]

1. d4 Nf6 2. Bf4 e6 3. Nf3 d5 4. e3 c5 5. Nbd2 Nc6 6. c4 cxd4 7. exd4 dxc4 8. Nxc4 Bb4+ 9. Ncd2 Nxd4 10. Qa4+ Nc6 11. Bb5 Bxd2+ 12. Bxd2 Bd7 13. O-O a6 14. Be2 Ne7 15. Qb3 Bc6 16. Rfd1 Bd5 17. Qe3 O-O 18. Qg5 Ne4 19. Qg4 Nxd2 20. Rxd2 Qa5 21. Rdd1 Rac8 22. Bd3 h6 23. a3 Rc7 24. Qh5 Nc6 25. Rac1 Bxf3 26. Qxf3 Ne5 27. Qg3 Rxc1 28. Rxc1 Qd2 29. Qe3 Qxe3 30. fxe3 Nxd3 31. Rc7 b5 32. Ra7 Rc8 33. h3 Rc6 34. b3 Nc5 35. b4 Nd3 36. Kf1 Ne5 37. Ke1 Nc4 0-1

[Event "XV South American-chW U20 2019"]
[Site "Asuncion"]
[Date "2019.05.15"]
[Round "7.1"]
[White "Oviedo Acosta, Paula"]
[Black "Gomez Barrera, Javiera Belen"]
[Result "0-1"]
[ECO "C54"]
[WhiteElo "1543"]
[BlackElo "2092"]
[Annotator "NA"]
[PlyCount "108"]
[EventDate "2019.05.11"]
[EventType "swiss"]
[EventCountry "PAR"]
[SourceTitle "playchess.com"]
[Source "ChessBase"]
[SourceQuality "1"]
[TimeControl "5400+30"]

1. e4 e5 2. Nf3 Nc6 3. Bc4 Bc5 4. c3 Nf6 5. d3 d6 6. O-O h6 7. Nbd2 O-O 8. h3 a5 {C54: Giuoco Piano: 4 c3 Nf6, main lines with 5 d4 and 5 d3} 9. a4 (9. Re1 Be6 10. Bb5 Qb8 11. Nf1 Qa7 12. Be3 Bxe3 13. Nxe3 Ne7 14. Ba4 Ng6 15. Bc2 {½-½ (27) Dominguez Perez,L (2739)-Nakamura,H (2777) Saint Louis 2018}) 9... Re8 10. Re1 Be6 11. Bb3 d5 12. Qe2 Ba7 13. Bc2 Qd7 $146 ({Predecessor:} 13... d4 14. Nf1 Nd7 15. Rb1 {0-1 (39) Sarquis,M (2214)-Della Morte,G (2374) Buenos Aires 2018}) 14. Nf1 Rad8 15. Be3 Bxe3 16. Nxe3 d4 17. Nf1 Qd6 18. Ng3 Qc5 19. Qd2 Qb6 20. cxd4 Nxd4 21. Bd1 Nxf3+ 22. Bxf3 Nd7 23. Qc3 Nc5 24. Re3 Nb3 25. Ra3 Nd4 $17 26. Bd1 Rd6 27. Qd2 Red8 28. Rc3 Rc6 29. Kh2 Kh7 30. Ne2 Rdd6 31. Rxc6 Nxc6 32. f4 exf4 33. Nxf4 Nd4 34. Qf2 Qc5 35. Qg3 Qg5 36. Nxe6 Rxe6 37. Bg4 Rb6 38. Re1 Qe7 39. Qf2 Qe5+ 40. Kh1 Rf6 41. Qd2 b6 42. b4 axb4 43. Qxb4 Nc2 44. Qd2 Nxe1 45. Qxe1 Qf4 46. Bf3 Rc6 47. Bd1 Rc1 48. e5 Ra1 49. Qe2 Qc1 50. Qe4+ g6 51. Qd5 Qxd1+ 52. Kh2 Qg1+ 53. Kg3 Qe3+ 54. Kh2 Qf4+ 0-1

[Event "XV South American-chW U20 2019"]
[Site "Asuncion"]
[Date "2019.05.15"]
[Round "7.2"]
[White "Duarte Laconich, Jazmin"]
[Black "Puppi Lazo, Stephanie Beatriz"]
[Result "0-1"]
[ECO "B24"]
[WhiteElo "1263"]
[BlackElo "1955"]
[Annotator "NA RC"]
[PlyCount "152"]
[EventDate "2019.05.11"]
[EventType "swiss"]
[EventCountry "PAR"]
[SourceTitle "playchess.com"]
[Source "ChessBase"]
[SourceQuality "1"]
[TimeControl "5400+30"]

1. e4 c5 2. Nc3 d6 3. d3 g6 4. g3 Bg7 5. Be3 Nc6 6. Qd2 b5 {B24: Closed Sicilian: 3 g3 sidelines} 7. Rb1 $146 ({Better is} 7. Nxb5 $11 Nf6 8. c4) ({Predecessor:} 7. Bg2 b4 8. Nd1 Rb8 9. Ne2 Nd4 10. Nc1 Bg4 11. Bxd4 Bxd4 12. Ne2 Bg7 13. O-O Nf6 14. a3 a5 15. axb4 axb4 16. h3 Bd7 17. c3 Qc8 {½-½ (49) Maiorov,O (2377)-Najer,E (2640) Sochi 2012}) 7... b4 8. Nce2 Rb8 9. Bg2 Qa5 10. Nc1 ({White should play} 10. Nf3 $15) 10... Bc3 11. bxc3 bxc3 12. Qd1 Rxb1 13. Nge2 Nb4 14. O-O Nxa2 15. d4 c4 16. d5 Nf6 17. Bd4 (17. h3 $142) 17... Qa3 18. Be3 Bd7 19. Qd4 Nxc1 20. Bxc1 Qa1 21. Qe3 O-O 22. h3 Qa6 23. Nxc3 {[#]} Rxc1 (23... Ra1 $1 $19 24. g4 Qb6) 24. Rxc1 Qb6 25. Qh6 ({White should try} 25. Ra1 $15) 25... a5 26. Rb1 Qa7 27. g4 a4 28. Bf3 a3 29. Kg2 a2 30. Ra1 Qd4 31. Qe3 Qxe3 32. fxe3 Ra8 33. Rxa2 Rxa2 34. Nxa2 Ba4 35. Nb4 Kf8 36. Kf2 Nd7 37. Ke2 Ne5 38. Bg2 Kg7 39. Kf2 Kf6 40. Kg3 Nd7 41. Bf1 Ke5 42. Kf3 Nc5 43. Bxc4 Kf6 44. Kf4 g5+ 45. Kf3 Nd7 46. Bb3 Bxb3 47. cxb3 Nc5 48. Nc6 Nxb3 49. Kg3 $15 Nd2 50. Kf2 Nxe4+ 51. Kf3 Nd2+ 52. Ke2 Nc4 53. Kd3 Ne5+ 54. Ke2 e6 55. Nb4 Ng6 56. dxe6 fxe6 57. Nc6 Ne7 58. Nd4 h6 59. Nf3 e5 60. e4 Ng6 61. Ng1 Nf4+ 62. Ke3 Ke6 63. Kf3 d5 64. Ke3 Kd6 65. exd5 Kxd5 66. Kd2 Ke4 67. Ke1 Ke3 68. Kf1 e4 69. Ke1 Kd3 70. Kd1 Nd5 71. Ke1 Nc3 72. Kf2 Kd2 73. Kg2 Ke1 74. Kh2 Kf2 75. Kh1 e3 76. Kh2 Ne2 0-1

[Event "XV South American-chW U20 2019"]
[Site "Asuncion"]
[Date "2019.05.15"]
[Round "7.3"]
[White "Bail, Ellen Larissa"]
[Black "Sanchez Tobar, Francisca Valenti"]
[Result "1-0"]
[ECO "E73"]
[WhiteElo "1876"]
[BlackElo "1790"]
[Annotator "NA RC"]
[PlyCount "107"]
[EventDate "2019.05.11"]
[EventType "swiss"]
[EventCountry "PAR"]
[SourceTitle "playchess.com"]
[Source "ChessBase"]
[SourceQuality "1"]
[TimeControl "5400+30"]

1. d4 Nf6 2. c4 g6 3. Nc3 Bg7 4. e4 d6 5. Be2 O-O 6. Be3 Nbd7 7. h4 c5 {E73: King's Indian: Averbakh Variation without 6...c5} (7... h5 8. Qd2 a6 9. f4 c5 10. e5 cxd4 11. Bxd4 dxe5 12. fxe5 Ng4 13. Bxg4 hxg4 14. Qe3 Qa5 15. c5 {0-1 (34) Ghaem Maghami,E (2574)-Naiditsch,A (2687) Doha 2016}) 8. d5 Ne5 9. f3 Nh5 10. g4 Ng3 11. Rh2 Nxe2 12. Qxe2 Bd7 $146 ({Predecessor:} 12... Qb6 13. Rc1 Qb4 14. b3 Nxf3+ 15. Qxf3 Bxc3+ {½-½ (25) Koehler,P-Fink,C Speyer 1997}) 13. h5 a6 14. Nh3 Qc8 15. Nf2 Rb8 16. O-O-O b5 17. Rdh1 g5 18. h6 Bh8 19. Bxg5 Nxc4 20. Ncd1 $1 ({But not} 20. Bxe7 Re8 $17) 20... Qc7 (20... e6 $11) 21. Bd2 (21. Kb1 $14) 21... Na5 22. Qe3 f6 23. f4 Nc4 24. Qe2 Nxd2 25. Qxd2 c4 26. f5 Kf7 27. Rg1 b4 28. Rg3 a5 29. Kb1 c3 30. Qc2 Rfc8 31. b3 a4 32. Nd3 axb3 33. axb3 Ra8 34. Nxb4 Qb6 35. Na2 Ra3 36. Rxc3 Rxc3 37. Qxc3 Rxb3+ 38. Rb2 $14 Rxc3 39. Rxb6 Ra3 40. Rb7 Be8 41. Nb4 Rb3+ 42. Ka2 Rg3 43. Nf2 Rc3 44. Rb8 Rf3 45. Nbd3 Re3 46. Kb2 Re2+ 47. Kc3 Ra2 48. Kd4 Ra4+ 49. Ke3 Ra7 50. Nf4 Ra3+ 51. N2d3 Ra4 52. Ne6 Ra7 53. Rc8 Ra3 54. Nc7 1-0

[Event "XV South American-chW U20 2019"]
[Site "Asuncion"]
[Date "2019.05.15"]
[Round "7.4"]
[White "Malan, Lucia"]
[Black "Campos, Maria Jose"]
[Result "1-0"]
[ECO "B75"]
[WhiteElo "1880"]
[BlackElo "2012"]
[Annotator "NA RC"]
[PlyCount "55"]
[EventDate "2019.05.11"]
[EventType "swiss"]
[EventCountry "PAR"]
[SourceTitle "playchess.com"]
[Source "ChessBase"]
[SourceQuality "1"]
[TimeControl "5400+30"]

1. e4 c5 2. Nf3 d6 3. d4 cxd4 4. Nxd4 Nf6 5. Nc3 g6 6. Be3 Bg7 7. f3 a6 8. Qd2 Nbd7 9. O-O-O b5 10. g4 Bb7 11. g5 (11. h4 $16) 11... Nh5 12. Be2 Rc8 13. f4 Nb6 (13... Nc5 $11 14. Bxh5 b4) 14. Bxh5 gxh5 15. Qe2 ({Better is} 15. Qd3 $14) 15... Nc4 (15... b4 $5 16. Nd5 Nxd5 17. exd5 Qd7 $11) 16. Kb1 Qa5 17. Nd5 Nxb2 18. Kxb2 Bxd5 19. exd5 Qb4+ 20. Ka1 Qc3+ 21. Kb1 Qb4+ 22. Kc1 Qa3+ 23. Kb1 Rc4 24. Rd3 Rb4+ 25. Rb3 O-O 26. Qd3 Rc8 27. Nc6 Rxb3+ 28. Qxb3 1-0

[Event "XV South American-chW U20 2019"]
[Site "Asuncion"]
[Date "2019.05.15"]
[Round "7.5"]
[White "Molina, Jessica"]
[Black "Lugo, Tatiana"]
[Result "1-0"]
[ECO "A02"]
[WhiteElo "1842"]
[BlackElo "1310"]
[Annotator "NA RC"]
[PlyCount "71"]
[EventDate "2019.05.11"]
[EventType "swiss"]
[EventCountry "PAR"]
[SourceTitle "playchess.com"]
[Source "ChessBase"]
[SourceQuality "1"]
[TimeControl "5400+30"]

1. f4 e5 2. fxe5 d6 3. Nf3 Bg4 4. e4 dxe5 5. Be2 (5. Bc4 Nc6 6. c3 Qd7 7. h3 Bh5 8. Bb5 a6 9. Qa4 Bd6 10. Bxc6 bxc6 11. d3 Ne7 12. Be3 f5 13. Nbd2 O-O {½-½ (46) Bocharov,I (2466)-Shabrin,A (2325) Pavlodar 2014}) 5... Bxf3 6. Bxf3 {A02: Bird's Opening} Qh4+ $146 ({Predecessor:} 6... Bc5 7. Qe2 c6 8. d3 Qb6 9. Nc3 Ne7 10. Na4 Qb4+ 11. Nc3 Bd4 12. Qd2 {0-1 (41) Hoelzel,G (1718)-Perk,E (1916) Buesum 2015}) 7. g3 Qd8 8. d3 Bc5 9. Nd2 Qd4 10. Qe2 Qb4 11. c3 Qb5 12. Nb3 Bb6 13. Be3 c5 14. Rd1 Nd7 15. O-O Ngf6 16. Qf2 a5 (16... c4 $11 17. dxc4 Qxc4) 17. d4 exd4 18. cxd4 c4 19. e5 cxb3 20. exf6 Nxf6 21. axb3 Qxb3 22. Bxb7 Rb8 $2 (22... O-O $11 {and Black is okay.} 23. Bg5 (23. Bxa8 Ng4 $11) 23... Rad8) 23. Bc6+ Kf8 {[#]} 24. Bh6 $1 Ng4 25. Qf4 Ba7 26. Bxg7+ Kxg7 27. Qxg4+ Kf8 28. Rxf7+ {Clearance} Qxf7 {[#]} 29. Rf1 $1 Qxf1+ 30. Kxf1 Bb6 31. Qf5+ Kg7 32. Qg5+ Kf7 33. Bd5+ Ke8 34. Qf6 Kd7 35. Qf7+ Kd8 36. Be6 1-0